Unix NetHack Version 5.0.0-0 post-release - last build Jun 10 2026 00:39:30 (3ee93aec679c4c4259841fe613dc97188e26a321,branch:main).

Game began 2026-06-12 00:27:26, ended 2026-06-12 01:16:58.

Brudee, chaotic female human Rogue

                                                                    ---   --
                                                                    ..| - .|
                                                                ----..--...
                                                           ------...*....-
                                                           |..)..)......%|
                                                          --..---..<.....|
                                                          |.*-- ------...|
                                                          | --       --..|
                                                          |(|         |(-
                                                          |.|
                                                          |@|
                                                         ..f|
                                                         -..|
                                                         |..|
                                                         |..|
                                                         |..|
                                                         |..-
                                                         |..
                                                         --.
                                                          ---
Brudee the Cutpurse     St:14 Dx:15 Co:10 In:14 Wi:13 Ch:11  Chaotic S:962
Dlvl:3  $:42 HP:0(39) Pw:17(17) AC:5  Xp:5/180 T:1911  Satiated Burdened

Latest messages:
 You throw 2 daggers.
 The 1st dagger hits the werejackal.
 The 2nd dagger hits the werejackal.
 The werejackal swings his axe.
 The werejackal hits!
 What do you want to drink? [dijopzGJO or ?*] ?
 What do you want to drink? [dijopzGJO or ?*] <space>
 Never mind.
 The werejackal picks up 7 +0 daggers.
 The werejackal picks up a violet gem.
 In what direction? b
 The dagger hits the werejackal.
 Your movements are now unencumbered.
 The werejackal throws a dagger!
 You are hit by a dagger.
 What do you want to throw? [$S or ?*] S
 In what direction? b
 You kill the werejackal!
 S - an elven dagger named Sting (at the ready).
 You have a little trouble lifting 6 +0 daggers.  Continue? [ynq] (q) q
 There are several more objects here.
 You have a little trouble lifting 6 +0 daggers.  Continue? [ynq] (q) y
 You have a little trouble lifting b - 6 +0 daggers.
 Your movements are slowed slightly because of your load.
 You have a little trouble lifting b - a +0 dagger (7 in total).
 You have a little trouble lifting b - 2 +0 daggers (9 in total).
 T - a spiked wand.
 U - a zinc wand.
 V - a steel ring.
 W - a steel ring.
 The scroll turns to dust as you pick it up.
 Call a scroll labeled ZLORFIK: SCARE MONSTER
 X - an octagonal amulet.
 $ - 19 gold pieces (42 in total).
 There is a grave here.
 Something is engraved here on the headstone.
 You read: "kmoxley, killed by a werejackal".
 There are many more objects here.
 You have a little trouble lifting Y - a pair of riding gloves.
 Z - a lamp.
 t - a tinning kit.
 v - a gray stone.
 What do you want to call? [i-kmoqrvwzBCF-IKLOT-Z or ?*] v
 Call a gray stone: TOUCHSTONE
 The kitten bites!
 The kitten bites!
 You die...
 Do you want your possessions identified? [ynq] (y) y
 Do you want to see your attributes? [ynq] (y) y
 Do you want an account of creatures vanquished? [ynaq] (y) q

Inventory:
 Coins    ('$')
  $ - 42 gold pieces
 Amulets  ('"')
  X - a cursed amulet of flying
 Weapons  (')')
  b - 9 +0 daggers
  S - the +0 Sting (at the ready)
  a - a +0 short sword (weapon in right hand)
 Armor    ('[')
  w - an uncursed +0 elven leather helm (being worn)
  Y - a cursed -1 pair of leather gloves
  u - an uncursed +0 pair of speed boots (being worn)
  s - an uncursed +0 cloak of invisibility
  c - an uncursed +1 leather armor (being worn)
 Comestibles  ('%')
  n - an uncursed eucalyptus leaf
  h - 2 uncursed food rations
  D - 2 uncursed fortune cookies
  l - 3 uncursed lichen corpses
 Scrolls  ('?')
  L - a blessed scroll of blank paper
  K - 3 uncursed scrolls of blank paper
  H - a blessed scroll of enchant armor
  C - an uncursed scroll of enchant weapon
  B - a blessed scroll of remove curse
 Spellbooks  ('+')
  F - an uncursed spellbook of sleep
 Potions  ('!')
  j - an uncursed potion of full healing
  o - a blessed potion of healing
  z - an uncursed potion of invisibility
  G - an uncursed potion of see invisible
  J - a blessed potion of sickness
  d - an uncursed potion of sickness
  p - a cursed potion of sickness
  i - an uncursed potion of sleeping
  O - a potion of holy water named HOLY
 Rings    ('=')
  m - an uncursed ring of levitation
  V - a cursed ring of stealth
  W - a cursed ring of stealth
 Wands    ('/')
  T - a cursed wand of cancellation (0:4)
  U - a cursed wand of create monster (0:10)
  I - a wand of speed monster (0:6)
 Tools    ('(')
  f - an empty uncursed sack
  x - an empty uncursed sack
  g - an uncursed blindfold
  e - an uncursed lock pick
  Z - a cursed oil lamp
  t - a cursed tinning kit (0:58)
 Gems/Stones  ('*')
  q - a cursed aquamarine stone
  k - 2 uncursed chrysoberyl stones
  r - 2 cursed topaz stones
  v - an uncursed touchstone

Brudee the Rogue's attributes:

Background:
 You were a Cutpurse, a level 5 female human Rogue.
 You were chaotic, nominally on a mission for Kos
 who was opposed by Issek (lawful) and Mog (neutral).
 You were right-handed.
 You were in the Gnomish Mines, on level 3.
 You entered the dungeon 1911 turns ago.
 It was nighttime.
 You had 180 experience points, 140 more were needed to attain level 6.
 Your score was 962 before end-of-game adjustments.

Basics:
 You had 0 out of 39 hit points.
 You had all 17 energy points (spell power).
 Your armor class was 5.
 Your wallet contained 42 zorkmids.
 Autopickup was on for '$!=+?/"' plus thrown.

Final Characteristics:
 Your strength was 14 (limit:18/100).
 Your dexterity was 15 (limit:18).
 Your constitution was 10 (limit:18).
 Your intelligence was 14 (limit:18).
 Your wisdom was 13 (limit:18).
 Your charisma was 11 (limit:18).

Final Status:
 You were satiated.
 You were burdened; movement was slightly slowed.
 You were wielding a short sword.
 You had basic skill with short sword.

Final Attributes:
 You were devoutly aligned.
 You were telepathic.
 You were stealthy.
 You were warded.
 You were very fast.
 You are dead.

Miscellaneous:
 You encountered 1 bones level.
 Total elapsed playing time was 49 minutes and 31 seconds.

Major events:
 Turn
    1: Brudee the chaotic female human Rogue entered the dungeon
  752: attained the rank of Cutpurse (level 3)
 1696: became literate by naming Sting
 1755: entered the Gnomish Mines
 1911: killed by a kitten

You didn't know any spells.

Skills:
 Fighting Skills
   bare handed combat [Unskilled]
   two weapon combat  [Unskilled]
   riding             [Unskilled]
 Weapon Skills
   dagger             [Basic]
   knife              [Unskilled]
   short sword        [Basic]
   broadsword         [Unskilled]
   long sword         [Unskilled]
   two-handed sword   [Unskilled]
   saber              [Unskilled]
   club               [Unskilled]
   mace               [Unskilled]
   morning star       [Unskilled]
   flail              [Unskilled]
   hammer             [Unskilled]
   polearms           [Unskilled]
   spear              [Unskilled]
   crossbow           [Unskilled]
   dart               [Unskilled]
   shuriken           [Unskilled]
 Spellcasting Skills
   divination spells  [Unskilled]
   escape spells      [Unskilled]
   matter spells      [Unskilled]

Voluntary challenges:
 Character rerolling was not enabled.
 You were an atheist.
 You never genocided any monsters.
 You never polymorphed an object.
 You never changed form.
 You used no wishes.
Achievements:
 You entered a shop.
 You attained the rank of Cutpurse.
 You entered the Gnomish Mines.

 The Dungeons of Doom: levels 1 to 5
    Level 1:
    Level 2:
       An armor shop.
       Stairs down to The Gnomish Mines.
    Level 3:
       A potion shop, a fountain.
    Level 4:
       A general store, a sink, a grave.
    Level 5:
 The Gnomish Mines:
    Level 3: <- You were here.
       A grave.
       Final resting place for
          you, killed by a kitten,
          kmoxley-Arc-Hum-Fem-Law, killed by a werejackal.


Vanquished creatures:
  a small mimic
  a paper golem
  2 floating eyes
  a giant bat
  a monkey
  a werejackal
  4 iguanas
 an acid blob
  a hobbit
  2 giant rats
  a cave spider
  a green mold
  2 gnomes
  a garter snake
  3 geckos
  4 jackals
  a kobold
  3 goblins
  a sewer rat
  2 grid bugs
  5 lichens
  5 newts
44 creatures vanquished.

No species were genocided or became extinct.

Game over:
                       ----------
                      /          \
                     /    REST    \
                    /      IN      \
                   /     PEACE      \
                  /                  \
                  |      Brudee      |
                  |      42 Au       |
                  |   killed by a    |
                  |      kitten      |
                  |                  |
                  |                  |
                  |       2026       |
                 *|     *  *  *      | *
        _________)/\\_//(\/(/\)/\//\/|_)_______

Goodbye Brudee the Rogue...

You died in The Gnomish Mines on dungeon level 3 with 958 points,
and 42 pieces of gold, after 1911 moves.
You were level 5 with a maximum of 39 hit points when you died.

